 Dungeon Crawl Stone Soup version 0.19.0-11-g3fc08b3 (webtiles) character file.

135 Challo the Caller (level 4, -15/24 HPs)
             Began as a Deep Elf Summoner on Nov 10, 2016.
             Was a Believer of Nemelex Xobeh.
             Killed by divine providence
             ... invoked by an orc priest
              (16 damage)
             ... on level 4 of the Dungeon.
             The game lasted 00:16:11 (2892 turns).

Challo the Caller (Deep Elf Summoner)               Turns: 2892, Time: 00:16:11

Health: -15/24     AC:  4    Str:  5    XL:     4   Next: 96%
Magic:  11/12      EV: 15    Int: 21    God:    Nemelex Xobeh [**....]
Gold:   137        SH:  0    Dex: 15    Spells: 4 memorised, 2 levels left

rFire  . . .     SeeInvis .     d - +0 dagger
rCold  . . .     Gourm    .     a - +0 robe
rNeg   + . .     Faith    .     (no shield)
rPois  .         Spirit   .     y - +0 helmet
rElec  .         Reflect  .     f - +0 cloak
rCorr  .         Harm     .     (no gloves)
MR     .....                    (no boots)
Stlth  ++........               (no amulet)
                                (no ring)
                                i - ring of positive energy

@: no status effects
A: no striking features
a: Renounce Religion


You were on level 4 of the Dungeon.
You worshipped Nemelex Xobeh.
Nemelex Xobeh was pleased with you.
You were not hungry.

You visited 1 branch of the dungeon, and saw 4 of its levels.

You collected 137 gold pieces.

Inventory:

Hand Weapons
 d - a +0 dagger (weapon)
 C - a +0 blowgun
 D - a +2 hand axe of venom
 G - a +0 bardiche
Missiles
 g - 45 arrows
 l - 40 bolts
 s - 20 sling bullets
 B - 21 poisoned needles
Armour
 a - a +0 robe (worn)
 f - a +0 cloak (worn)
 y - a +0 helmet (worn)
Jewellery
 i - a ring of positive energy (left hand)
 v - an uncursed ring of fire
 A - an uncursed ring of magical power {unknown}
Scrolls
 k - a scroll of amnesia {unknown}
 q - a scroll of fear {unknown}
 r - 3 scrolls of identify {unknown}
 z - a scroll of fog {unknown}
 F - a scroll of remove curse {unknown}
 H - a scroll of magic mapping {unknown}
 J - a scroll of immolation {unknown}
Potions
 e - a potion of mutation {unknown}
 h - a potion of resistance {unknown}
 j - a potion of agility {unknown}
 m - 4 potions of flight {unknown}
 t - 2 potions of curing {unknown}
 x - a potion of ambrosia {unknown}
 I - a potion of brilliance {unknown}
Books
 b - a book of Callings

   Spells                             Type                      Level
   a - Summon Small Mammal            Summoning                    1
   b - Call Imp                       Summoning                    2
   c - Call Canine Familiar           Summoning                    3
   d - Summon Guardian Golem          Hexes/Summoning              3
   e - Summon Lightning Spire         Summoning/Air                4
   f - Summon Ice Beast               Ice/Summoning                4
Miscellaneous
 c - a plain deck of destruction
 n - a plain deck of summoning {drawn: 2}
 o - a plain deck of summoning
 u - a plain deck of summoning
Comestibles
 p - a meat ration
 E - 3 fruits


   Skills:
 * Level 4.8 Dodging
 - Level 2.4 Stealth
 + Level 4.2 Spellcasting
 + Level 0.3 Hexes
 + Level 5.0 Summonings


You had 2 spell levels left.
You knew the following spells:

 Your Spells              Type           Power        Failure   Level  Hunger
a - Summon Small Mammal   Summ           ####         1%          1    None
b - Call Imp              Summ           ####....     1%          2    #......
c - Call Canine Familiar  Summ           ####....     4%          3    ###....
d - Summon Guardian Gole  Hex/Summ       ###.....     14%         3    ###....


Dungeon Overview and Level Annotations

Branches:
Dungeon (4/15)
 Temple: D:4-7

Altars:
Nemelex Xobeh

Annotations:
D:4 Dowan


Message History

Anything else - Cancel.
Gang up on whom?
Press: ? - help, Dir - move target cursor, f - orc priest
Aim: an orc priest, wielding a dagger Attack!
Your white imp is smitten.
The orc priest invokes the aid of Beogh against you.
Beogh smites you!
Your hound barely misses the orc priest.
The orc priest invokes the aid of Beogh against you.
Beogh smites you!
Ouch! That really hurt!
* * * LOW HITPOINT WARNING * * *
Dowan, Brother of Duvessa comes into view.
He is wielding a dagger of venom.
Something hits your hound.
The orc priest invokes the aid of Beogh against you.
Beogh smites you!
Ouch! That really hurt!
You die...
Your body disappears without a glow.

...............##...##
........##.....##...##
.##.....#########....#
########..................#
.e.o...o........^.........#
..>....#h...........##...##
o.....$#.....######'##...#
####+###.....##.....##...##
##..@..........#...##
#..............#.....
#..............#.....
#..............#.....
##............##...##
#....>.......####+##
#.............#
#.............#
#.............+


You could see an orc priest and a friendly hound.

Vanquished Creatures
  An adder (D:2)
  A goblin (D:2)
  A frilled lizard (D:2)
  3 rats
6 creatures vanquished.

Vanquished Creatures (collateral kills)
  An ogre (D:4)
  A worker ant (D:4)
  5 adders
  A worm (D:2)
  2 dart slugs
  2 leopard geckos
  An orc (D:3)
  A giant cockroach (D:4)
  8 goblins
  7 hobgoblins
  8 jackals
  A quokka (D:2)
  A ball python (D:2)
  11 bats
  5 frilled lizards
  8 kobolds
  4 rats
67 creatures vanquished.

Grand Total: 73 creatures vanquished

Notes
Turn   | Place    | Note
-------+----------+-------------------------------------------
     0 | D:1      | Challo the Deep Elf Summoner began the quest for the Orb.
     0 | D:1      | Reached XP level 1. HP: 10/10 MP: 6/6
   399 | D:1      | Reached XP level 2. HP: 11/15 MP: 2/8
   403 | D:1      | Learned a level 2 spell: Call Imp
   787 | D:2      | Reached XP level 3. HP: 19/19 MP: 5/10
   993 | D:2      | Found a faded altar of an unknown god.
  1122 | D:2      | Became a worshipper of Nemelex Xobeh the Trickster
  1122 | D:2      | Received a gift from Nemelex Xobeh
  1122 | D:2      | Received a gift from Nemelex Xobeh
  1122 | D:2      | Reached * piety under Nemelex Xobeh
  1597 | D:3      | Received a gift from Nemelex Xobeh
  1875 | D:3      | Reached XP level 4. HP: 19/24 MP: 11/11
  1980 | D:3      | Reached ** piety under Nemelex Xobeh
  2379 | D:4      | Noticed an ogre
  2399 | D:4      | HP: 1/24 [ogre/giant club (23)]
  2401 | D:4      | Killed an ogre
  2401 | D:4      | Reached skill level 5 in Summonings
  2833 | D:4      | Learned a level 3 spell: Call Canine Familiar
  2837 | D:4      | Learned a level 3 spell: Summon Guardian Golem
  2883 | D:4      | Received a gift from Nemelex Xobeh
  2889 | D:4      | HP: 1/24 [orc priest/divine providence (12)]
  2890 | D:4      | Noticed Dowan
  2892 | D:4      | Killed from afar by an orc priest

Skill      XL: |  1  2  3  4 |
---------------+-------------+-----
Dodging        | 3 4 |  4.8
Spellcasting   | 4 |  4.2
Summonings     | 5 |  5.0
Stealth        | |  2.4
Hexes          | |  0.3

Action                   |  1- 3 |  4- 6 || total
-------------------------+-------+-------++-------
Melee: Unarmed           |     5 |       ||     5
       Dagger            |    34 |     7 ||    41
 Cast: Summon Small Mamm |    24 |       ||    24
       Call Imp          |    27 |    18 ||    45
       Call Canine Famil |       |     1 ||     1
Evoke: Deck              |     1 |     1 ||     2
 Stab: Sleeping          |     2 |       ||     2
  Eat: Chunk             |     2 |       ||     2
       Bread ration      |     1 |     1 ||     2
Armor: Robe              |    13 |     1 ||    14
Dodge: Dodged            |    55 |    10 ||    65
